 Dungeon Crawl Stone Soup version 0.17-a0-1020-ge683cc4 (console) character file.

28 Monkaria the Skirmisher (level 3, 30/30 HPs)
             Began as a Demonspawn Chaos Knight on May 14, 2015.
             Quit the game on level 1 of the Dungeon.
             The game lasted 00:01:43 (1033 turns).

Monkaria the Skirmisher (Demonspawn Chaos Knight)   Turns: 1033, Time: 00:01:43

Health: 30/30      AC:  6    Str: 13    XL:     3   Next: 0%
Magic:  3/3        EV: 11    Int: 13    God:    Xom [*.....]
Gold:   8          SH:  0    Dex: 12    Spells: 0 memorised, 2 levels left

rFire  . . .     SeeInvis .     a - +0 falchion (chaos)
rCold  . . .     Clarity  .     b - +2 leather armour
rNeg   . . .     SustAb   .     (no shield)
rPois  .         Gourm    .     e - +0 helmet (curse)
rElec  .         Spirit   .     (no cloak)
rCorr  .         Warding  .     (no gloves)
rMut   .         Stasis   .     (no boots)
MR     .....                    (no amulet)
Stlth  ++........               (no ring)
                                (no ring)

@: not resistant to hostile enchantments, unstealthy
A: nightstalker 1, powered by death 1
a: Renounce Religion


You were on level 1 of the Dungeon.
You worshipped Xom.
You were a special plaything of Xom.
You were hungry.

You visited 1 branch of the dungeon, and saw 2 of its levels.

You collected 8 gold pieces.

Inventory:

Hand weapons
 a - a +0 falchion of chaos (weapon)
Armour
 b - a +2 leather armour (worn)
 e - a cursed +0 helmet (worn)
Scrolls
 f - a scroll of remove curse {unknown}
 g - a scroll of teleportation {unknown}
Potions
 d - a potion of brilliance {unknown}
Comestibles
 c - a bread ration


   Skills:
 - Level 4.0 Fighting
 + Level 2.8 Long Blades
 - Level 1.7 Armour
 - Level 0.8 Dodging


You had 2 spell levels left.
You didn't know any spells.

Dungeon Overview and Level Annotations

Branches:
Dungeon (2/15)

Altars:


Innate Abilities, Weirdness & Mutations

You are slightly more attuned to the shadows.
You can steal the life force of nearby defeated enemies.


Message History

You closely miss the jackal.
The jackal is heavily wounded.
You are feeling hungry.
The jackal barely misses you.
The jackal bites you but does no damage.
You barely miss the jackal.
The jackal is heavily wounded.
The jackal barely misses you.
You slash the jackal!
You kill the jackal!
You have reached level 3!
Your experience leads to an increase in your attributes!
Increase (S)trength, (I)ntelligence, or (D)exterity?
You feel stronger.
Your demonic ancestry asserts itself...
You slip into the darkness of the dungeon.
Xom is amused.
Items here: †††† a jackal corpse x4
There is a stone staircase leading down here.
Are you sure you want to abandon this character and quit the game? (Confirm with "yes".)

#..# #....##..#.
#..#####......##.#
#...............#.
#.######..######..
#.# ##.......#.
#.# ####......##.#
#.# #.......##..#.
#†###......#...#.#
#@............#..#
#####........#..#.
#........#)..#.
#.##.##.....#..
#.##.##....†...
#.##.##..#...(.
#.##.##..#.####
#.##..........#
#)#####...†....


There were no monsters in sight!

Vanquished Creatures
  An ufetubus (D:1)
  An ooze (D:1)
  A giant cockroach (D:1)
  2 hobgoblins (D:1)
  4 jackals (D:1)
  8 kobolds (D:1)
  2 bats (D:1)
  A giant newt (D:1)
  5 goblins (D:1)
  6 rats (D:1)
31 creatures vanquished.

Notes
Turn   | Place    | Note
--------------------------------------------------------------
     0 | D:1      | Monkaria the Demonspawn Chaos Knight began the quest for the Orb.
     0 | D:1      | Reached XP level 1. HP: 18/18 MP: 1/1
   268 | D:1      | XOM: silly message
   494 | D:1      | XOM: colour smoke trail
   529 | D:1      | XOM: 4-stop teleportation journey
   546 | D:1      | Gained mutation: You can steal the life force of nearby defeated enemies. [demonic ancestry]
   546 | D:1      | Reached XP level 2. HP: 22/24 MP: 2/2
   818 | D:1      | XOM: summons 1 hostile demon
   849 | D:1      | XOM: summons 2 hostile shadow creatures
   927 | D:1      | Reached skill level 4 in Fighting
  1030 | D:1      | Gained mutation: You are slightly more attuned to the shadows. [demonic ancestry]
  1030 | D:1      | Reached XP level 3. HP: 30/30 MP: 3/3
  1033 | D:1      | Quit the game

Vault maps used:
D:1:      minmay_arrival_radiant_lines
D:2:      serial_park_square1, nicolae_overflow_hidden_temple, uniq_robin

Action                   || total
-------------------------++-------
Melee: Falchion          ||    91
 Stab: Paralysed         ||     1
